 Dungeon Crawl Stone Soup version 0.22-a0-833-g8522bf8 (webtiles) character file.

10 Amnesiac the Digger (level 2, -2/19 HPs)
             Began as a Mummy Earth Elementalist on July 25, 2018.
             Slain by an adder (3 damage)
             ... on level 2 of the Dungeon.
             The game lasted 00:00:49 (244 turns).

Amnesiac the Digger (Mummy Earth Elementalist)       Turns: 244, Time: 00:00:49

Health: -2/19      AC:  2    Str: 11    XL:     2   Next: 10%
Magic:  0/5        EV: 12    Int: 17    God:
Gold:   4          SH:  0    Dex: 12    Spells: 5/6 levels left

rFire    x . .     SeeInvis .   g - +0 spear
rCold    + . .     Gourm    .   (no shield)
rNeg     + + +     Faith    .   c - +0 robe
rPois    ∞         Spirit   .   a - +0 hat {Int+3}
rElec    .         Reflect  .   (no cloak)
rCorr    .         Harm     .   (no gloves)
MR       .....                  (no boots)
Stlth    ++........             (no amulet)
HPRegen  0.06/turn              (no ring)
MPRegen  0.09/turn              (no ring)

@: no status effects
A: no food or potions, fire vulnerability, cold resistance 1, negative energy
resistance 3, torment resistance, unbreathing
a: no special abilities


You were on level 2 of the Dungeon.
You were not hungry.

You visited 1 branch of the dungeon, and saw 2 of its levels.

You collected 4 gold pieces.

Inventory:

Hand Weapons
 d - a +0 dagger
 g - a +0 spear (weapon)
Missiles
 b - 31 stones (quivered)
Armour
 a - a +0 hat of intelligence (worn)
 c - a +0 robe (worn)
Jewellery
 e - a +3 ring of dexterity {unknown}


   Skills:
 - Level 1.5 Dodging
 - Level 1.5 Stealth
 + Level 2.7 Spellcasting
   Level 0.7 Transmutations
 * Level 2.9 Earth Magic


You had 5 spell levels left.
You knew the following spells:

 Your Spells              Type           Power        Failure   Level  Hunger
a - Sandblast             Erth           ##....       5%          1    N/A

Your spell library contained the following spells:

 Spells                   Type           Power        Failure   Level  Hunger
 Stone Arrow              Conj/Erth      #.....       28%         3    N/A
 Passwall                 Tmut/Erth      #.......     13%         2    N/A
 Lee's Rapid Deconstruct  Erth           ##........   82%         5    N/A
 Petrify                  Tmut/Erth      #.......     63%         4    N/A

Dungeon Overview and Level Annotations

Branches:
Dungeon (2/15)

Altars:


Innate Abilities, Weirdness & Mutations

You do not eat or drink.
Your flesh is vulnerable to fire.
You are immune to poison.
Your flesh is cold resistant. (rC+)
You are immune to negative energy. (rN+++)
You are immune to unholy pain and torment.
You can survive without breathing.


Message History

Press: ? - help, Shift-Dir - straight line, f/p - worm
Aim: a worm (moderately wounded)
The blast of sand hits the worm.
The worm is almost dead.
b - 33 stones
Casting: Sandblast (safe; 5% risk of failure)
Confirm with . or Enter, or press ? or * to list all spells.
Aiming: Sandblast (safe; 5% risk of failure)
Press: ? - help, Shift-Dir - straight line, f/p - worm
Aim: a worm (severely wounded)
The blast of sand hits the worm.
The worm is almost dead.
b - 32 stones
Casting: Sandblast (safe; 5% risk of failure)
Confirm with . or Enter, or press ? or * to list all spells.
You don't have enough magic to cast that spell.
You barely miss the worm.
The worm is almost dead.
The worm bites you.
* * * LOW HITPOINT WARNING * * *
The adder hisses angrily.
Attack whom?
Press: ? - help, Dir - move target cursor, f/p - worm
Aim: a worm (almost dead)
You reach to attack!
You hit the worm.
The worm is almost dead.
Attack whom?
Press: ? - help, Dir - move target cursor, f/p - worm
Aim: a worm (severely wounded)
You hit the worm.
The worm is almost dead.
Attack whom?
Press: ? - help, Dir - move target cursor, f/p - worm
Aim: a worm (almost dead)
You hit the worm but do no damage.
The worm is almost dead.
The worm bites you.
* * * LOW HITPOINT WARNING * * *
Attack whom?
Press: ? - help, Dir - move target cursor, f/p - worm
Aim: a worm (almost dead)
You hit the worm.
You kill the worm!
You have reached level 2!
The adder closely misses you.
Casting: Sandblast (safe; 5% risk of failure)
Confirm with . or Enter, or press ? or * to list all spells.
Aiming: Sandblast (safe; 5% risk of failure)
Press: ? - help, Shift-Dir - straight line, f - adder
Aim: an adder The blast of sand hits the adder.
The adder is heavily wounded.
b - 31 stones The adder bites you.
* * * LOW HITPOINT WARNING * * *
Unknown command.
You closely miss the adder.
The adder is heavily wounded.
The adder completely misses you.
Unknown command.
You hit the adder.
The adder is almost dead.
The adder bites you.
You die...

..#..........#.
#.#.#......#..
#.#.#........ #.....# ..
#...#.####. #.......#.#
####....##.###
..#S#.#.[.[.#
#.#@#.###.##.....
#.....#.#.# .b..
#.#..##..#### ...
#...........# ## ..
#...†###.#....#
....#####........#......
............###### ####.
..........#<#
S..g.######.#


You could see an adder.

Vanquished Creatures
  2 worms (D:2)
  A giant cockroach (D:2)
  A goblin (D:2)
  A frilled lizard (D:1)
5 creatures vanquished.

Notes
Turn   | Place    | Note
-------+----------+-------------------------------------------
     0 | D:1      | Amnesiac the Mummy Earth Elementalist began the quest for the Orb.
     0 | D:1      | Reached XP level 1. HP: 13/13 MP: 4/4
   241 | D:2      | Reached XP level 2. HP: 2/19 MP: 1/5
   244 | D:2      | Slain by an adder

Vault maps used:
D:1:      minmay_arrival_open_corners
D:2:      chequers_temple_overflow_minitemple, nicolae_overflow_crystal_walls,
          chequers_ecumenical_altar_simple_redux, first_ration,
          minmay_octomino_j4, uniq_natasha

Action                   || total
-------------------------++-------
Melee: Spear             ||     9
 Cast: Sandblast         ||    14
  Use: Scroll            ||     1
Armor: Robe              ||     1
Dodge: Dodged            ||     2

Table legend:
 A = Spawn XP
 B = Non-spawn XP
 C = Spawn XP percentage of total XP
 D = Spawn monster count
 E = Non-spawn monster count
 F = Spawn count percentage of total count
 G = Total turns spent on level
                    A         B        C        D         E        F      G
               +---------+---------+-------+---------+---------+-------+---------
         Total |       0 |      15 |   0.0 |       0 |       5 |   0.0 |   244
               +---------+---------+-------+---------+---------+-------+---------
           D:1 |       0 |       1 |   0.0 |       0 |       1 |   0.0 |    64
           D:2 |       0 |      14 |   0.0 |       0 |       4 |   0.0 |   180
               +---------+---------+-------+---------+---------+-------+---------
